 Dungeon Crawl Stone Soup version 0.27.1-34-g3ba077fa99 (webtiles) character file.

Game seed: 7657505952073913060

142 ONETWELVE the Chopper (level 5, 0/45 HPs)
             Began as a Hill Orc Monk on Jan 8, 2022.
             Slain by a black bear (2 damage)
             ... on level 4 of the Dungeon.
             The game lasted 00:04:51 (1350 turns).

ONETWELVE the Chopper (Hill Orc Monk)               Turns: 1350, Time: 00:04:51

Health: 0/45       AC:  6    Str: 15    XL:     5   Next: 25%
Magic:  5/5        EV: 11    Int: 10    God:
Gold:   90         SH:  0    Dex: 13    Spells: 4/4 levels left

rFire    . . .     SeeInvis .   l - +2 short sword (drain)
rCold    . . .     Faith    .   (no shield)
rNeg     . . .     Spirit   .   h - +0 ring mail
rPois    .         Reflect  .   f - +0 helmet
rElec    .         Harm     .   (no cloak)
rCorr    .         Rampage  .   (no gloves)
Will     .....                  (no boots)
Stlth    +.........             (no amulet)
HPRegen  0.15/turn              (no ring)
MPRegen  0.09/turn              (no ring)

@: no status effects
A: no striking features
a: no special abilities


You were on level 4 of the Dungeon.
You visited 1 branch of the dungeon, and saw 4 of its levels.

You collected 90 gold pieces.

Inventory:

Hand Weapons
 a - a +0 hand axe
 l - a +2 short sword of draining (weapon)
 m - a +0 morningstar
Missiles
 c - 89 stones (quivered)
 o - 11 sling bullets
 q - 14 poisoned darts
Armour
 b - a +0 robe
 f - a +0 helmet (worn)
 h - a +0 ring mail (worn)
 i - a +0 scale mail
 s - a +0 hat
 u - a +0 chain mail
Scrolls
 d - a scroll of magic mapping {unknown}
 e - a scroll of torment {unknown}
 k - a scroll of enchant armour {unknown}
 p - a scroll of teleportation {unknown}
 r - a scroll of noise {unknown}
 t - a scroll of brand weapon {unknown}
 v - a scroll of blinking {unknown}
 x - a scroll of amnesia {unknown}
Potions
 j - a potion of berserk rage {unknown}
 n - a potion of might {unknown}
 w - a potion of resistance {unknown}


   Skills:
 - Level 3.6 Fighting
 + Level 7.6 Axes
 - Level 2.4 Dodging
 - Level 1.5 Stealth


You had 4 spell levels left.
You didn't know any spells.
Your spell library contained the following spells:

 Spells                   Type           Power      Damage    Failure   Level
 Animate Skeleton         Necr           0%         N/A       58%         1
 Apportation              Tloc           0%         N/A       58%         1
 Corona                   Hex            0%         N/A       58%         1
 Summon Small Mammal      Summ           0%         N/A       58%         1


Dungeon Overview and Level Annotations

Branches:
Dungeon (4/15)
 Temple: D:4-7

Altars:
Okawaru


Message History

You hit the black bear.
The black bear is heavily wounded.
The black bear bites you but does no damage.
The black bear barely misses you.
The black bear claws you but does no damage.
Unknown command.
You hit the black bear. You drain the black bear.
The black bear is almost dead.
The black bear goes berserk!
You barely miss the black bear.
The black bear is severely wounded.
The black bear bites you but does no damage.
The black bear misses you.
The black bear claws you but does no damage.
The black bear bites you! The black bear claws you.
The black bear claws you but does no damage.
You hit the black bear.
The black bear is almost dead.
The black bear bites you.
* * * LOW HITPOINT WARNING * * *
The black bear claws you.
* * * LOW HITPOINT WARNING * * *
The black bear claws you but does no damage.
Unknown command.
Okay, then.
You barely miss the black bear.
The black bear is almost dead.
The black bear bites you.
* * * LOW HITPOINT WARNING * * *
The black bear barely misses you. The black bear closely misses you.
The black bear barely misses you. The black bear claws you.
* * * LOW HITPOINT WARNING * * *
The black bear claws you.
* * * LOW HITPOINT WARNING * * *
You hit the black bear.
The black bear is almost dead.
The black bear bites you.
* * * LOW HITPOINT WARNING * * *
The black bear claws you.
You die...

##
#......#
..#......
.#.....#
......#
#.....#
#.....#
#g....#
#h#####
#@#
####.#
#.†..#
#.####
#.# #<#
###


You could see a black bear (berserk, drained) and a goblin.

Vanquished Creatures
  An iguana (D:2)
  5 adders
  2 worms
  3 dart slugs (D:3)
  6 ball pythons
  3 bats
  5 endoplasms
  4 giant cockroaches
  4 goblins
  8 hobgoblins
  A quokka (D:2)
  8 frilled lizards
  6 kobolds
  3 rats
59 creatures vanquished.

Notes
Turn   | Place    | Note
-------+----------+-------------------------------------------
     0 | D:1      | ONETWELVE the Hill Orc Monk began the quest for the Orb.
     0 | D:1      | Reached XP level 1. HP: 19/19 MP: 1/1
   119 | D:1      | Found a faded altar of an unknown god.
   327 | D:2      | Reached XP level 2. HP: 20/26 MP: 2/2
   402 | D:1      | Reached skill level 5 in Axes
   613 | D:2      | Reached XP level 3. HP: 12/31 MP: 3/3
   852 | D:2      | Reached skill level 6 in Axes
   852 | D:2      | Reached XP level 4. HP: 27/39 MP: 4/4
   966 | D:3      | Reached skill level 7 in Axes
  1131 | D:3      | Reached XP level 5. HP: 39/45 MP: 5/5
  1172 | D:3      | Found an iron altar of Okawaru.
  1328 | D:4      | Noticed a black bear
  1350 | D:4      | HP: 2/45 [black bear (1)]
  1350 | D:4      | Slain by a black bear

Illustrated notes

Levels and vault maps discovered:
D:1:      dpeg_arrival_lava_temple_mockup, layout_loops_corners,
          shapermc_ecumenical_altar_petra, st_stairs_11
D:2:      layout_rooms, minmay_tiny_reverse_x
D:3:      layout_rooms, mainiacjoe_overflow_six_doors_small, glass_columns_a
D:4:      layout_basic, gammafunk_temple_overflow_statue

Skill      XL: |  1  2  3  4 |
---------------+-------------+-----
Axes           | 5 6 7 |  7.6
Fighting       | |  3.6
Dodging        | |  2.4
Stealth        | |  1.5

Action                   |  1- 3 |  4- 6 || total
-------------------------+-------+-------++-------
Melee: Hand axe          |    75 |       ||    75
       Short sword       |    10 |   104 ||   114
Throw: Stone             |     3 |       ||     3
  Use: Potion            |       |     1 ||     1
 Stab: Sleeping          |     5 |       ||     5
Armor: Robe              |     3 |       ||     3
       Ring mail         |    23 |    61 ||    84
Dodge: Dodged            |    49 |    79 ||   128
